 Dungeon Crawl Stone Soup version 0.24.0-13-gcf9b3192b9 (webtiles) character file.

Game seed: 7817967775570722352, levelgen mode: deterministic

6175 Metae the Thaumaturge (level 10, -6/83 HPs)
             Began as a Purple Draconian Fire Elementalist on Nov 8, 2019.
             Was a Priest of Sif Muna.
             Mangled by a wolf (9 damage)
             ... on level 1 of the Lair of Beasts.
             The game lasted 01:47:55 (12994 turns).

Metae the Thaumaturge (DrFE)                       Turns: 12994, Time: 01:47:56

Health: -6/83      AC: 12    Str: 17    XL:     10   Next: 60%
Magic:  23/23      EV: 12    Int: 19    God:    Sif Muna [***...]
Gold:   541        SH:  0    Dex: 12    Spells: 1/27 levels left

rFire    + + .     SeeInvis .   a - +4 battleaxe of a Thousand Lovers {chop, rF+ Str+4}
rCold    . . .     Gourm    .   (shield currently unavailable)
rNeg     . . .     Faith    .   (armour unavailable)
rPois    .         Spirit   .   c - +1 hat
rElec    .         Reflect  .   y - +2 cloak
rCorr    .         Harm     .   s - +0 pair of gloves
MR       +....                  (no boots)
Stlth    +++.......             (no amulet)
HPRegen  0.23/turn              q - +3 ring of strength
MPRegen  0.18/turn              v - ring of protection from fire

@: very slightly contaminated
A: breathe power, unfitting armour, cold-blooded, AC +7
a: Breathe Dispelling Energy, Channel Magic, Forget Spell, Renounce Religion


You were on level 1 of the Lair of Beasts.
You worshipped Sif Muna.
Sif Muna was most pleased with you.
You were hungry.

You visited 2 branches of the dungeon, and saw 10 of its levels.

You collected 541 gold pieces.

Inventory:

Hand Weapons
 a - the +4 battleaxe of a Thousand Lovers (weapon) {chop, rF+ Str+4}
   (You found it on level 7 of the Dungeon)

   It inflicts extra damage upon your enemies.
   It affects your strength (+4).
   It protects you from fire.
 l - a +2 hand axe of venom
 p - a +2 mace of protection
 C - a +4 dire flail of freezing
Missiles
 e - 2 throwing nets (quivered)
Armour
 c - a +1 hat (worn)
 s - a +0 pair of gloves (worn)
 y - a +2 cloak (worn)
Magical Staves
 b - an uncursed staff of conjuration
Jewellery
 q - a +3 ring of strength (left hand)
 v - a ring of protection from fire (right hand)
Wands
 f - a wand of paralysis (10)
 t - a wand of flame (39)
 u - a wand of iceblast (13)
Scrolls
 i - a scroll of immolation
 j - 5 scrolls of identify
 m - a scroll of noise {unknown}
 o - 5 scrolls of remove curse
 r - 3 scrolls of teleportation
 z - a scroll of torment {unknown}
 A - a scroll of enchant weapon
 D - a scroll of fear {unknown}
Potions
 d - a potion of lignification
 h - 2 potions of might
 k - a potion of mutation
 n - a potion of cancellation
 w - 2 potions of brilliance
 x - 5 potions of flight
Comestibles
 F - 10 rations


   Skills:
 + Level 6.3 Fighting
 + Level 3.7 Axes
 - Level 1.7 Dodging
 - Level 4.5 Stealth
 + Level 9.1 Spellcasting
 + Level 6.7 Conjurations
 + Level 3.9 Necromancy
 + Level 7.4 Fire Magic
 + Level 4.4 Invocations
 - Level 0.2 Evocations


You had one spell level left.
You knew the following spells:

 Your Spells              Type           Power        Failure   Level  Hunger
a - Flame Tongue          Conj/Fire      #####        1%          1    None
b - Conjure Flame         Conj/Fire      #####...     1%          3    None
c - Throw Flame           Conj/Fire      #####.       1%          2    None
d - Inner Flame           Hex/Fire       ###.....     5%          3    None
e - Animate Skeleton      Necr           N/A          1%          1    None
f - Sticky Flame          Conj/Fire      #####...     4%          4    ###....
g - Fireball              Conj/Fire      #####.....   12%         5    #####..
h - Animate Dead          Necr           N/A          16%         4    ###....
i - Vampiric Draining     Necr           ###.......   4%          3    None

Your spell library contained the following spells:

 Spells                   Type           Power        Failure   Level  Hunger
 Pain                     Necr           ###.         1%          1    None
 Shock                    Conj/Air       ###.         1%          1    None
 Static Discharge         Conj/Air       ###.....     6%          3    None
 Regeneration             Chrm/Necr      ###.......   11%         3    None
 Swiftness                Chrm/Air       #.......     12%         2    None
 Lightning Bolt           Conj/Air       ###.......   50%         5    #####..
 Airstrike                Air            #.........   63%         4    ###....


Dungeon Overview and Level Annotations

Branches:
Dungeon (9/15)             Temple (0/1) D:5            Lair (1/6) D:9
    Orc: D:9-12

Altars:
Ashenzari
Cheibriados
Elyvilon
Gozag
Sif Muna
Vehumet
Xom
Yredelemnul

Shops:
D:5 %   D:6 (

Annotations:
Lair:1 Fannar


Innate Abilities, Weirdness & Mutations

You can breathe bolts of dispelling energy.
Your rich purple scales are hard. (AC +7)
You cannot fit into any form of body armour.
You are cold-blooded and may be slowed by cold attacks.


Message History

* * * LOW HITPOINT WARNING * * *
The wolf closely misses you. The wolf bites you!
* * * LOW HITPOINT WARNING * * *
Okay, then.
Blink to where?
Press: ? - help, Dir - move target cursor You are very lightly contaminated with residual magic.
As you read the scroll of blinking, it crumbles to dust.
The wolf barely misses you. The wolf bites you but does no damage.
The wolf bites you!
* * * LOW HITPOINT WARNING * * *
The wolf bites you but does no damage. The wolf closely misses you.
Okay, then.
The wolf misses you. The wolf closely misses you. x2
The wolf bites you.
* * * LOW HITPOINT WARNING * * *
The wolf bites you!
You die...

######## ###### ###
##.#####.#.##.#######.##.###.####
................@hhh.............
.##.#.##%..###.#.h###.###...##.##
# ##...#####..# ####....####
#P....# #P..# #.h...# ##...##
#...# ##...## # #....# ##..##
#...# # ##(..## #.(P# #...# #
#....# #...# #...## #.<.## #..##
#...P# #


You could see 4 wolves.

Vanquished Creatures
  A manticore (D:9)
  A black mamba (Lair:1)
  A komodo dragon (Lair:1)
  Sigmund (D:3)
  A wyvern (D:9)
  3 yaks (D:9)
  2 basilisks (Lair:1)
  Eustachio (D:4)
  5 water moccasins
  2 orc warriors (D:9)
  An ice beast (D:8)
  A black bear (D:5)
  5 ogres
  2 centaurs
  2 big kobolds
  5 bullfrogs
  A gnoll sergeant (D:8)
  5 scorpions
  5 killer bees (D:8)
  4 wights (D:7)
  4 howler monkeys
  6 crimson imps
  A bullfrog zombie (D:9)
  4 orc priests
  3 centaur skeletons
  6 hounds
  2 iguanas
  A jelly (D:5)
  A bullfrog skeleton (D:4)
  Terence (D:2)
  6 orc wizards
  4 worker ants
  A hound zombie (D:8)
  A howler monkey zombie (D:5)
  9 adders
  8 gnolls
  2 shadow imps
  An adder skeleton (D:5)
  3 worms
  2 dart slugs (D:1)
  5 leopard geckos
  20 orcs
  9 giant cockroaches
  5 goblins
  3 hobgoblins
  10 jackals
  3 quokkas
  5 bats
  5 frilled lizards
  14 kobolds
  A leopard gecko skeleton (D:3)
  4 rats
199 creatures vanquished.

Vanquished Creatures (collateral kills)
  A black bear (D:9)
  A crocodile (Lair:1)
  2 bullfrogs (Lair:1)
  A centaur skeleton (D:8)
  An adder (D:9)
  An orc (D:9)
  A plant (Lair:1)
8 creatures vanquished.

Vanquished Creatures (others)
  2 fungi (Lair:1)
2 creatures vanquished.

Grand Total: 209 creatures vanquished

Notes
Turn   | Place    | Note
-------+----------+-------------------------------------------
     0 | D:1      | Metae the Draconian Fire Elementalist began the quest for
                  | the Orb.
     0 | D:1      | Reached XP level 1. HP: 14/14 MP: 3/3
   646 | D:1      | Reached XP level 2. HP: 22/22 MP: 3/5
   650 | D:1      | Reached skill level 1 in Fighting
  1252 | D:2      | Reached XP level 3. HP: 28/28 MP: 3/6
  1257 | D:2      | Learned a level 3 spell: Conjure Flame
  1838 | D:2      | Noticed Terence
  1879 | D:2      | Killed Terence
  1879 | D:2      | Reached XP level 4. HP: 36/36 MP: 0/8
  2097 | D:3      | Noticed an ogre
  2165 | D:2      | Killed an ogre
  2165 | D:2      | Reached skill level 3 in Spellcasting
  2165 | D:2      | Reached XP level 5. HP: 44/44 MP: 1/10
  2251 | D:3      | Noticed Sigmund
  2293 | D:3      | Learned a level 2 spell: Throw Flame
  3181 | D:3      | HP: 1/45 [something (11)]
  3184 | D:3      | Killed Sigmund
  3184 | D:3      | Reached XP level 6. HP: 2/52 MP: 2/11
  3535 | D:3      | Found a white marble altar of Elyvilon.
  3610 | D:3      | Found a radiant altar of Vehumet.
  3810 | D:4      | Reached skill level 4 in Spellcasting
  3822 | D:4      | Got a creamy pearl robe
  3892 | D:4      | Learned a level 3 spell: Inner Flame
  4006 | D:4      | Learned a level 1 spell: Animate Skeleton
  4021 | D:4      | Noticed Eustachio
  4228 | D:4      | Your scales start taking on a rich purple colour.
  4228 | D:4      | Reached skill level 5 in Spellcasting
  4228 | D:4      | Reached XP level 7. HP: 60/60 MP: 7/14
  4347 | D:4      | Found a shimmering blue altar of Sif Muna.
  4347 | D:4      | Found a shimmering altar of Xom.
  4348 | D:4      | Found a shattered altar of Ashenzari.
  4355 | D:4      | Became a worshipper of Sif Muna the Loreminder
  4708 | D:5      | Entered Level 5 of the Dungeon
  4964 | D:5      | Found a shimmering blue altar of Sif Muna.
  5112 | D:5      | Reached skill level 6 in Spellcasting
  5275 | D:5      | Learned a level 4 spell: Sticky Flame
  5434 | D:5      | Found a staircase to the Ecumenical Temple.
  5461 | D:5      | Reached XP level 8. HP: 67/67 MP: 10/17
  5656 | D:5      | Found Xozuhosi's Food Emporium.
  5728 | D:5      | Reached * piety under Sif Muna
  6558 | D:6      | Found an opulent altar of Gozag.
  6701 | D:6      | Reached skill level 5 in Fire Magic
  6907 | D:6      | Found a basalt altar of Yredelemnul.
  6976 | D:6      | Found Miseucir's Antique Weapon Shop.
  7212 | D:7      | Reached skill level 7 in Spellcasting
  7515 | D:4      | Killed Eustachio
  8125 | D:7      | Reached skill level 5 in Conjurations
  8143 | D:6      | Reached XP level 9. HP: 49/72 MP: 2/20
  8308 | D:7      | Reached ** piety under Sif Muna
  8743 | D:7      | Reached skill level 1 in Necromancy
  8743 | D:7      | Reached skill level 1 in Invocations
  9203 | D:7      | Got a dazzling battleaxe
  9208 | D:7      | Identified the +4 battleaxe of a Thousand Lovers {chop, rF+
                  | Str+4} (You found it on level 7 of the Dungeon)
  9365 | D:8      | Reached skill level 8 in Spellcasting
  9386 | D:8      | Reached skill level 1 in Axes
 10038 | D:8      | Reached skill level 5 in Fighting
 10608 | D:9      | Reached XP level 10. HP: 32/81 MP: 20/22
 10825 | D:9      | Learned a level 5 spell: Fireball
 10851 | D:9      | Found a snail-covered altar of Cheibriados.
 10893 | D:9      | Noticed a manticore
 10910 | D:9      | Killed a manticore
 11258 | D:9      | Reached *** piety under Sif Muna
 11463 | D:9      | Found a staircase to the Lair.
 12111 | Lair:1   | Entered Level 1 of the Lair of Beasts
 12456 | Lair:1   | Learned a level 4 spell: Animate Dead
 12460 | Lair:1   | Learned a level 3 spell: Vampiric Draining
 12559 | Lair:1   | Noticed a black mamba
 12570 | Lair:1   | Killed a black mamba
 12570 | Lair:1   | Reached skill level 9 in Spellcasting
 12841 | Lair:1   | Noticed Fannar
 12994 | Lair:1   | HP: 3/83 [wolf (4)]
 12994 | Lair:1   | Mangled by a wolf

Levels and vault maps discovered:
D:1:      wander_arrival_peaceful_grave, layout_basic
D:2:      layout_loops_ring, first_ration, uniq_terence
D:3:      layout_rooms, fiery_altar_vehumet, elyvilon_altar_4, uniq_sigmund
D:4:      layout_layer_cave, gammafunk_temple_overflow_claw,
          kennysheep_generic_room_12, uniq_eustachio
D:5:      layout_basic, minmay_temple_entry_proselytizer, serial_shops,
          nicolae_shop_temple_entry_statues_fountains, basic_altar,
          item_on_display_a
D:6:      layout_basic, nicolae_overflow_hidden_temple, serial_shops,
          nicolae_shop_stone
D:7:      layout_layer_cave, grunt_ogre_cave, grunt_ministairs_10
D:8:      layout_basic
D:9:      layout_loops_ring, kennysheep_mini_moat, lair_entry_dummy
Lair:1:   layout_long_grid, grunt_megastairs_5, uniq_fannar

Skill      XL: |  1  2  3  4  5  6  7  8  9 10 |
---------------+-------------------------------+-----
Stealth        | 2 3 4 |  4.5
Fighting       | 1 2 3 4 5 6 |  6.3
Spellcasting   | 3 5 6 7 8 9 |  9.1
Conjurations   | 3 5 6 |  6.7
Fire Magic     | 4 6 7 |  7.4
Necromancy     | 2 3 |  3.9
Invocations    | 3 4 |  4.4
Axes           | 2 3 |  3.7
Dodging        | |  1.7
Evocations     | |  0.2

Action                   |  1- 3 |  4- 6 |  7- 9 | 10-12 || total
-------------------------+-------+-------+-------+-------++-------
Melee: Unarmed           |    28 |       |       |       ||    28
       Dagger            |    30 |     4 |       |       ||    34
       Tailslap          |     1 |     3 |    27 |     9 ||    40
       Hand axe          |       |    18 |   167 |       ||   185
       Battleaxe         |       |       |    53 |    60 ||   113
       Staff             |       |       |    15 |       ||    15
 Cast: Flame Tongue      |    76 |    62 |   168 |    48 ||   354
       Conjure Flame     |     1 |     2 |     8 |     2 ||    13
       Throw Flame       |       |    18 |    57 |    20 ||    95
       Animate Skeleton  |       |       |    11 |     7 ||    18
       Inner Flame       |       |       |     4 |       ||     4
       Sticky Flame      |       |       |     1 |     3 ||     4
       Fireball          |       |       |       |     4 ||     4
       Animate Dead      |       |       |       |     2 ||     2
Invok: Channel Magic     |       |       |       |     1 ||     1
 Abil: Breathe Dispellin |       |       |     1 |     1 ||     2
Evoke: Wand              |       |     2 |       |       ||     2
  Use: Scroll            |     1 |     5 |     9 |     1 ||    16
       Potion            |       |     1 |     1 |     3 ||     5
 Stab: Sleeping          |       |     1 |     3 |       ||     4
  Eat: Chunk             |     4 |     5 |     7 |     2 ||    18
       Ration            |       |     1 |     4 |     2 ||     7
Armor: Skin              |    35 |    16 |   172 |    42 ||   265
Dodge: Dodged            |    78 |    33 |   285 |    80 ||   476
